[Event "Faroes Open 2018"]
[Site "Sandavagur"]
[Date "2018.07.08"]
[Round "2"]
[White "Ziska, Helgi Dam"]
[Black "Nielsen, Rógvi Egilstoft"]
[Result "1/2-1/2"]
[ECO "C65"]
[WhiteElo "2552"]
[BlackElo "2337"]
[Annotator "ChessBase"]
[PlyCount "68"]
[EventDate "2018.07.07"]
[EventType "swiss"]
[EventCountry "FAI"]
[SourceTitle "playchess.com"]
[Source "ChessBase"]
[SourceQuality "1"]
[TimeControl "40/5400+30:900+30"]

1. e4 e5 2. Nf3 Nc6 3. Bb5 Nf6 4. d3 Bc5 5. Bxc6 dxc6 6. Nc3 Nd7 7. Ne2 f6 8. Be3 Qe7 9. Nd2 Nf8 10. Ng3 g6 11. Nb3 Bb6 12. Qd2 Ne6 13. Ne2 a5 14. Bxb6 cxb6 15. Qe3 Qb4+ 16. c3 Qb5 17. O-O O-O 18. d4 Rd8 19. Nd2 Qxb2 20. Rfb1 Qc2 21. Rxb6 Nf4 22. Kf1 Nxe2 23. Kxe2 f5 24. Qd3 Qxd3+ 25. Kxd3 fxe4+ 26. Ke3 exd4+ 27. cxd4 a4 28. Nxe4 a3 29. Nc5 Re8+ 30. Kd2 Rd8 31. Kc3 Re8 32. Kd2 Rd8 33. Ke3 Re8+ 34. Kd2 Rd8 1/2-1/2

[Event "Faroes Open 2018"]
[Site "Sandavagur"]
[Date "2018.07.08"]
[Round "2"]
[White "Narayanan, Srinath"]
[Black "Tummasarson, Flóvin Matras"]
[Result "1-0"]
[ECO "C64"]
[WhiteElo "2549"]
[BlackElo "1237"]
[Annotator "ChessBase"]
[PlyCount "59"]
[EventDate "2018.07.07"]
[EventType "swiss"]
[EventCountry "FAI"]
[SourceTitle "playchess.com"]
[Source "ChessBase"]
[SourceQuality "1"]
[TimeControl "40/5400+30:900+30"]

1. e4 e5 2. Nf3 Nc6 3. Bb5 Bc5 4. O-O a6 5. Bxc6 dxc6 6. Nxe5 Nf6 7. d3 O-O 8. Nd2 Re8 9. Nef3 Bg4 10. Re1 Nd7 11. h3 Bxf3 12. Nxf3 Ne5 13. Nxe5 Rxe5 14. c3 Re6 15. d4 Bf8 16. Bf4 Qd7 17. Qb3 b5 18. Re3 c5 19. d5 Rb6 20. Rd1 Re8 21. Qc2 f6 22. Bg3 c4 23. Re2 Kh8 24. f4 Rd8 25. e5 fxe5 26. fxe5 Rg6 27. Kh2 c6 28. e6 Qe8 29. e7 Bxe7 30. Rde1 1-0

[Event "Faroes Open 2018"]
[Site "Sandavagur"]
[Date "2018.07.08"]
[Round "2"]
[White "Greenfeld, Alon"]
[Black "Nilssen, John Arni"]
[Result "1-0"]
[ECO "D31"]
[WhiteElo "2496"]
[BlackElo "2301"]
[Annotator "ChessBase"]
[PlyCount "39"]
[EventDate "2018.07.07"]
[EventType "swiss"]
[EventCountry "FAI"]
[SourceTitle "playchess.com"]
[Source "ChessBase"]
[SourceQuality "1"]
[TimeControl "40/5400+30:900+30"]

1. d4 d5 2. c4 e6 3. Nc3 c6 4. Nf3 dxc4 5. e4 b5 6. Be2 Nf6 7. O-O b4 8. e5 bxc3 9. exf6 Qxf6 10. bxc3 Bd6 11. Ng5 Bf4 12. Ne4 Bxh2+ 13. Kxh2 Qh4+ 14. Kg1 Qxe4 15. Ba3 Qd5 16. Qa4 Ba6 17. Rfb1 Bb5 18. Qa5 a6 19. Bf3 Qg5 20. Rxb5 1-0

[Event "Faroes Open 2018"]
[Site "Sandavagur"]
[Date "2018.07.08"]
[Round "2"]
[White "Nakar, Eylon"]
[Black "Simonsen, Hans Kristian"]
[Result "1-0"]
[ECO "B48"]
[WhiteElo "2462"]
[BlackElo "2150"]
[Annotator "ChessBase"]
[PlyCount "49"]
[EventDate "2018.07.07"]
[EventType "swiss"]
[EventCountry "FAI"]
[SourceTitle "playchess.com"]
[Source "ChessBase"]
[SourceQuality "1"]
[TimeControl "40/5400+30:900+30"]

1. e4 c5 2. Nf3 e6 3. d4 cxd4 4. Nxd4 Nc6 5. Nc3 Qc7 6. Be3 a6 7. Qf3 Ne5 8. Qg3 b5 9. O-O-O Nf6 10. f4 Neg4 11. Bd2 b4 12. Na4 h5 13. Qe1 Bb7 14. h3 Nh6 15. Bd3 a5 16. Kb1 Be7 17. Rf1 Bc6 18. Nxc6 Qxc6 19. b3 g6 20. f5 gxf5 21. exf5 Rc8 22. fxe6 dxe6 23. Qe5 Qd5 24. Bb5+ Kf8 25. Bxh6+ 1-0

[Event "Faroes Open 2018"]
[Site "Sandavagur"]
[Date "2018.07.08"]
[Round "2"]
[White "Jotic, Vladimir"]
[Black "Jones, Gawain C B"]
[Result "0-1"]
[ECO "A25"]
[WhiteElo "2387"]
[BlackElo "2670"]
[Annotator "ChessBase"]
[PlyCount "62"]
[EventDate "2018.07.07"]
[EventType "swiss"]
[EventCountry "FAI"]
[SourceTitle "playchess.com"]
[Source "ChessBase"]
[SourceQuality "1"]
[TimeControl "40/5400+30:900+30"]

1. g3 g6 2. Bg2 Bg7 3. c4 Nc6 4. Nc3 e5 5. d3 Nf6 6. Nf3 O-O 7. O-O d6 8. Rb1 a5 9. a3 h6 10. b4 axb4 11. axb4 Be6 12. b5 Ne7 13. Qb3 Nd7 14. Bb2 Nc5 15. Qc2 Qd7 16. Rfe1 Bh3 17. Bh1 c6 18. Ra1 Qc7 19. Nd2 Ne6 20. e3 Rxa1 21. Rxa1 d5 22. bxc6 bxc6 23. Ne2 Qd7 24. Nf3 d4 25. exd4 exd4 26. Nd2 g5 27. Qa4 Rb8 28. Ba3 Qc7 29. Re1 c5 30. Nc1 Ng6 31. Qc6 Qa5 0-1

[Event "Faroes Open 2018"]
[Site "Sandavagur"]
[Date "2018.07.08"]
[Round "2"]
[White "Haubro, Martin"]
[Black "Vavulin, Maksim"]
[Result "1-0"]
[ECO "C70"]
[WhiteElo "2373"]
[BlackElo "2552"]
[Annotator "ChessBase"]
[PlyCount "113"]
[EventDate "2018.07.07"]
[EventType "swiss"]
[EventCountry "FAI"]
[SourceTitle "playchess.com"]
[Source "ChessBase"]
[SourceQuality "1"]
[TimeControl "40/5400+30:900+30"]

1. e4 e5 2. Nf3 Nc6 3. Bb5 a6 4. Ba4 b5 5. Bb3 Na5 6. O-O d6 7. d4 f6 8. Bxg8 Rxg8 9. Nbd2 Bg4 10. c3 Qd7 11. a4 bxa4 12. Qxa4 Qxa4 13. Rxa4 Nb7 14. d5 Be7 15. b4 Bd7 16. Ra2 f5 17. c4 g5 18. Ba3 g4 19. Ne1 Bg5 20. Nd3 Kf7 21. Re1 Rge8 22. exf5 Bxf5 23. Ne4 Bh6 24. Bb2 Bg7 25. Kf1 Kg6 26. c5 Bxe4 27. Rxe4 Kf5 28. Rc4 Bf8 29. c6 Nd8 30. b5 Nf7 31. Rxa6 Rab8 32. Rb4 e4 33. Ne1 e3 34. fxe3 Bh6 35. Nc2 Bxe3 36. Nxe3+ Rxe3 37. Raa4 Ne5 38. Rf4+ Kg6 39. Kf2 Rd3 40. Bxe5 dxe5 41. Rxg4+ Kf5 42. Rgb4 Rxd5 43. Ra7 Rd2+ 44. Ke3 Rbd8 45. Rb3 Rxg2 46. Rxc7 Rdd2 47. Rf7+ Kg6 48. Rf1 Rge2+ 49. Kf3 Rxh2 50. Ke4 Rhe2+ 51. Re3 Rg2 52. c7 Rc2 53. b6 Rg4+ 54. Kxe5 h5 55. b7 Rg5+ 56. Kd6 Rd2+ 57. Ke7 1-0

[Event "Faroes Open 2018"]
[Site "Sandavagur"]
[Date "2018.07.08"]
[Round "2"]
[White "Rødgaard, John"]
[Black "Kunin, Vitaly"]
[Result "1/2-1/2"]
[ECO "A41"]
[WhiteElo "2319"]
[BlackElo "2538"]
[Annotator "ChessBase"]
[PlyCount "208"]
[EventDate "2018.07.07"]
[EventType "swiss"]
[EventCountry "FAI"]
[SourceTitle "playchess.com"]
[Source "ChessBase"]
[SourceQuality "1"]
[TimeControl "40/5400+30:900+30"]

1. Nf3 d6 2. d4 Bg4 3. c4 Nf6 4. Qb3 Qc8 5. Bf4 g6 6. Nbd2 Bg7 7. h3 Bxf3 8. Nxf3 O-O 9. e3 Nfd7 10. Be2 e5 11. dxe5 dxe5 12. Bh2 e4 13. Nd2 Nc5 14. Qc2 Nc6 15. a3 Nd3+ 16. Bxd3 exd3 17. Qxd3 Bxb2 18. Rb1 Rd8 19. Qb3 Be5 20. Nf3 Bxh2 21. Nxh2 Qe6 22. O-O b6 23. c5 Qxb3 24. Rxb3 Na5 25. Rc3 b5 26. c6 Nc4 27. Nf3 Nb6 28. Nd4 a6 29. g4 Rd5 30. Kg2 Re8 31. Kf3 h5 32. Rfc1 Nc4 33. R1c2 hxg4+ 34. hxg4 Kg7 35. a4 Ne5+ 36. Kg3 b4 37. Rc5 Red8 38. Rxd5 Rxd5 39. f4 Nd3 40. Nb3 Ne1 41. Rc4 Rd3 42. Rxb4 Rxe3+ 43. Kf2 Re6 44. Rc4 Nd3+ 45. Kf3 Nb2 46. Rc2 Nd1 47. Nc1 Re3+ 48. Kg2 Ra3 49. Rd2 Ne3+ 50. Kf3 Nc2+ 51. Kf2 Nb4 52. Ne2 Nxc6 53. Rc2 Nb4 54. Rxc7 Nd3+ 55. Ke3 Nc5+ 56. Kf2 Ne4+ 57. Kg2 Rxa4 58. Kf3 Nf6 59. g5 Nd5 60. Rd7 Ra3+ 61. Kf2 Rd3 62. Ra7 Nb4 63. Ng3 Rd4 64. Kf3 Nd5 65. Ne2 Rd3+ 66. Ke4 Rd2 67. Ng3 Nc3+ 68. Ke3 Rg2 69. Kf3 Ra2 70. Kg4 Ra4 71. Kf3 Nb5 72. Rd7 Nd4+ 73. Ke3 Ne6 74. Ne2 a5 75. Ra7 Ra3+ 76. Ke4 Ra2 77. Nc3 Rc2 78. Nd5 Rc4+ 79. Ke5 Nd4 80. Ra8 Nf3+ 81. Kd6 Re4 82. Nf6 Re6+ 83. Kd5 Rxf6 84. gxf6+ Kxf6 85. Ke4 Nd2+ 86. Kd3 Nb3 87. Kc4 Nc1 88. Re8 a4 89. Kd4 a3 90. Re1 Nb3+ 91. Kc4 Nd2+ 92. Kd3 Nf3 93. Ra1 Kf5 94. Ke3 Kg4 95. Rxa3 Nh4 96. Ke4 Ng2 97. Ke5 Nxf4 98. Kf6 g5 99. Ra5 Nh3 100. Kxf7 Kh4 101. Kf6 g4 102. Kf5 Nf2 103. Ra4 Kh3 104. Rxg4 Nxg4 1/2-1/2

[Event "Faroes Open 2018"]
[Site "Sandavagur"]
[Date "2018.07.08"]
[Round "2"]
[White "Nilssen, Ellen Fredericia"]
[Black "Esteve Sanchez, Sergio"]
[Result "1/2-1/2"]
[ECO "D36"]
[WhiteElo "2152"]
[BlackElo "1994"]
[Annotator "NA"]
[PlyCount "87"]
[EventDate "2018.07.07"]
[EventType "swiss"]
[EventCountry "FAI"]
[SourceTitle "playchess.com"]
[Source "ChessBase"]
[SourceQuality "1"]
[TimeControl "40/5400+30:900+30"]

1. d4 d5 2. c4 e6 3. Nc3 Nf6 4. cxd5 exd5 5. Bg5 c6 6. Qc2 Be7 7. e3 {[%emt 0:00:12] LiveBook: 1668 Games} Nbd7 8. Bd3 O-O 9. Nf3 Re8 10. h3 h6 11. Bf4 Nf8 12. O-O-O {[%emt 0:09:58] D36: Damengambit (Abtauschvariante)} b5 (12... Bb4 13. Nd2 Bxc3 14. Qxc3 Ne4 15. Nxe4 dxe4 16. Bc2 Be6 17. g4 a5 18. Bb3 a4 19. Bxe6 Nxe6 {0-1 (52) Narciso Dublan,M (2540)-Bracker,F (2407) Llucmajor 2016}) 13. g4 Ne6 14. Bh2 $146 ({Vorgänger:} 14. Ne2 Nxf4 15. Nxf4 Bb7 16. g5 hxg5 17. Nxg5 Qa5 18. Bh7+ Kf8 19. Qg6 {1-0 (19) Murtazin,B (2153)-Orolov,O (1539) Samara 2014}) 14... b4 15. Na4 Bd7 16. Kb1 Qa5 17. Rc1 Rac8 18. Nc5 Nxc5 19. dxc5 Be6 $16 (19... Ne4 $11 {hält das Gleichgewicht.}) 20. Nd4 Nd7 21. Nb3 Qd8 22. Ba6 Bf6 23. Bxc8 Qxc8 24. Nd4 Ne5 25. Bxe5 Bxe5 26. Nxe6 Rxe6 27. h4 a5 28. Rhg1 Qe8 29. Qd1 g6 30. Qd2 Bg7 31. Qc2 Re4 32. Qa4 Qe5 33. Rc2 Qc7 34. Qb3 Qe7 35. h5 g5 36. Qa4 Qc7 37. Rd2 Qh2 38. Re1 Qc7 39. f3 Rc4 40. Rc2 Qg3 41. Rf1 Qe5 42. Re1 Qg3 43. Rf1 Qe5 44. Re1 1/2-1/2

[Event "Faroes Open 2018"]
[Site "Sandavagur"]
[Date "2018.07.08"]
[Round "2"]
[White "Nielsen, Torkil"]
[Black "Miezis, Normunds"]
[Result "1/2-1/2"]
[ECO "B22"]
[WhiteElo "2115"]
[BlackElo "2468"]
[Annotator "ChessBase"]
[PlyCount "118"]
[EventDate "2018.07.07"]
[EventType "swiss"]
[EventCountry "FAI"]
[SourceTitle "playchess.com"]
[Source "ChessBase"]
[SourceQuality "1"]
[TimeControl "40/5400+30:900+30"]

1. e4 c5 2. c3 d5 3. exd5 Qxd5 4. d4 Nf6 5. Nf3 Bg4 6. dxc5 Qxc5 7. Be3 Qc8 8. Nbd2 Nc6 9. Qa4 a6 10. h3 b5 11. Qd1 Bh5 12. g4 Bg6 13. Bg2 Nd5 14. Qe2 e6 15. O-O Be7 16. Rac1 O-O 17. a3 Rb8 18. b4 Bf6 19. Nd4 Nxd4 20. cxd4 Qd8 21. Nb3 Qd6 22. Rfd1 h6 23. Nc5 Rfd8 24. Bxd5 exd5 25. Qf3 Bg5 26. Bxg5 hxg5 27. Re1 Re8 28. Re3 Ra8 29. Rce1 Rxe3 30. Qxe3 f6 31. Qe6+ Qxe6 32. Rxe6 a5 33. bxa5 Rxa5 34. Ra6 Rxa6 35. Nxa6 Bd3 36. Nc5 Be2 37. Kg2 Kf7 38. Kg3 Kg6 39. h4 gxh4+ 40. Kxh4 Kh6 41. f4 g5+ 42. Kg3 Kg6 43. Ne6 Kf7 44. Nc7 Bc4 45. f5 Ke7 46. Kf3 Kd7 47. Ne6 Kd6 48. Nf8 Bb3 49. Kg3 Bd1 50. Kh3 Bf3 51. Kg3 Be2 52. Kh3 Bd3 53. Kg3 Bc4 54. Kf3 Bb3 55. Kg3 Bc2 56. Kf3 Bd1+ 57. Kg3 Ke7 58. Ne6 Be2 59. Kh3 Kd6 1/2-1/2

[Event "Faroes Open 2018"]
[Site "Sandavagur"]
[Date "2018.07.08"]
[Round "2"]
[White "Maroroa, Sue"]
[Black "Olsen, Kaj"]
[Result "1-0"]
[ECO "C55"]
[WhiteElo "2104"]
[BlackElo "1696"]
[Annotator "NA"]
[PlyCount "49"]
[EventDate "2018.07.07"]
[EventType "swiss"]
[EventCountry "FAI"]
[SourceTitle "playchess.com"]
[Source "ChessBase"]
[SourceQuality "1"]
[TimeControl "40/5400+30:900+30"]

1. e4 e5 2. Bc4 Nc6 3. Nf3 Nf6 4. d3 Be7 5. O-O d5 6. exd5 Nxd5 7. Re1 f6 {[%emt 0:02:53] C24: Läuferspiel} (7... O-O 8. Nxe5 Nxe5 9. Rxe5 c6 10. Re1 Bd6 11. Nc3 Nxc3 12. bxc3 Qh4 13. g3 Qf6 14. d4 Bh3 15. Qh5 Rae8 16. Rxe8 Rxe8 17. Qxh3 Re1+ 18. Bf1 g6 19. Bh6 Re8 20. Re1 Rb8 21. Qd7 {1-0 (21) Dominguez Perez,L (2719)-Kosteniuk,A (2517) Moscow 2009}) 8. a4 Bg4 9. c3 Na5 $146 ({Vorgänger:} 9... Bxf3 10. Qxf3 Nb6 11. Bb3 Na5 12. Ba2 Nxa4 13. Qg4 Nb6 14. Qxg7 Kd7 15. Qg4+ {1-0 (26) Atakishiyev,E (1969)-Biyachuev,M (1475) St Petersburg 2017}) 10. Ba2 c5 11. Na3 Qd7 12. h3 Be6 13. d4 exd4 14. cxd4 Nc7 15. Bxe6 Nxe6 16. d5 Nd4 17. Nxd4 cxd4 18. b4 Qxd5 19. bxa5 Qxa5 20. Nc4 $18 Qb4 21. Ba3 Qxc4 22. Rxe7+ Kd8 23. Re4 Qc3 24. Rxd4+ Ke8 25. Rd7 1-0

[Event "Faroes Open 2018"]
[Site "Sandavagur"]
[Date "2018.07.08"]
[Round "2"]
[White "Hruby, Milan"]
[Black "Joensen, Hans Petur"]
[Result "1-0"]
[ECO "D15"]
[WhiteElo "2031"]
[BlackElo "1627"]
[Annotator "NA"]
[PlyCount "63"]
[EventDate "2018.07.07"]
[EventType "swiss"]
[EventCountry "FAI"]
[SourceTitle "playchess.com"]
[Source "ChessBase"]
[SourceQuality "1"]
[TimeControl "40/5400+30:900+30"]

1. d4 d5 2. c4 c6 3. Nf3 Nf6 4. Nc3 Bg4 5. cxd5 Nxd5 6. e4 Nb6 7. Be3 e6 8. Qb3 Bd6 9. a4 a5 10. Be2 O-O 11. O-O Qc7 12. h3 Bh5 13. Rac1 N8d7 14. Nb5 Qb8 15. Nxd6 Qxd6 16. d5 cxd5 17. e5 Qb4 18. Qxb4 axb4 19. Rc7 Bxf3 20. gxf3 Rfc8 21. Rfc1 Rxc7 22. Rxc7 Rd8 23. Bb5 Nxa4 24. Bxa4 Nxe5 25. f4 Nd3 26. b3 d4 27. Bd2 f6 28. Bb5 Nb2 29. Rc2 Nd1 30. Bxb4 Nc3 31. Bxc3 Rc8 32. Bc4 1-0

[Event "Faroes Open 2018"]
[Site "Sandavagur"]
[Date "2018.07.08"]
[Round "2"]
[White "Fruehauf, Norbert"]
[Black "Nielsen, Suni í Horni"]
[Result "1-0"]
[ECO "C64"]
[WhiteElo "1958"]
[BlackElo "1487"]
[Annotator "NA"]
[PlyCount "71"]
[EventDate "2018.07.07"]
[EventType "swiss"]
[EventCountry "FAI"]
[SourceTitle "playchess.com"]
[Source "ChessBase"]
[SourceQuality "1"]
[TimeControl "40/5400+30:900+30"]

1. e4 e5 2. Nf3 Nc6 3. Bb5 Bc5 4. c3 d6 5. h3 Bd7 6. Qe2 Nf6 7. d3 h6 8. Nbd2 a6 9. Ba4 Qe7 10. Nf1 Nh7 11. Ng3 Rf8 12. b4 Ba7 13. Be3 b5 14. Bb3 Ng5 15. Nxg5 hxg5 16. Bd5 Bxe3 17. fxe3 O-O-O 18. a4 Nb8 19. axb5 Bxb5 20. O-O Bd7 21. Nf5 Bxf5 22. exf5 Qf6 23. d4 c6 24. Bc4 Kd7 25. Bxa6 Nxa6 26. Rxa6 Ra8 27. Qa2 Rxa6 28. Qxa6 Rc8 29. g4 exd4 30. cxd4 Qe7 31. Kf2 Qe4 32. Rc1 Rc7 33. b5 c5 34. dxc5 Qb4 35. Qxd6+ Ke8 36. Rd1 1-0

[Event "Faroes Open 2018"]
[Site "Sandavagur"]
[Date "2018.07.08"]
[Round "2"]
[White "Haubro, Siv"]
[Black "Petersen, Elias"]
[Result "1-0"]
[ECO "C50"]
[WhiteElo "1780"]
[BlackElo "1035"]
[Annotator "NA"]
[PlyCount "41"]
[EventDate "2018.07.07"]
[EventType "swiss"]
[EventCountry "FAI"]
[SourceTitle "playchess.com"]
[Source "ChessBase"]
[SourceQuality "1"]
[TimeControl "40/5400+30:900+30"]

1. e4 e5 2. Nf3 Nc6 3. Bc4 Bc5 4. O-O h6 5. c3 d6 6. d4 Bb6 7. h3 Nf6 8. d5 Ne7 9. Bd3 c6 10. c4 O-O 11. Nc3 Nh7 12. Qc2 Bd4 13. Nxd4 exd4 14. Ne2 c5 15. e5 g6 16. Bxh6 Re8 17. e6 f5 18. g4 Nf6 19. gxf5 Kh7 20. Bg5 Nh5 21. f6 1-0

[Event "Faroes Open 2018"]
[Site "Sandavagur"]
[Date "2018.07.08"]
[Round "2"]
[White "Djurhuus, Arant"]
[Black "Kristiansen, Jens"]
[Result "0-1"]
[ECO "A45"]
[WhiteElo "1703"]
[BlackElo "2380"]
[Annotator "NA"]
[PlyCount "242"]
[EventDate "2018.07.07"]
[EventType "swiss"]
[EventCountry "FAI"]
[SourceTitle "playchess.com"]
[Source "ChessBase"]
[SourceQuality "1"]
[TimeControl "40/5400+30:900+30"]

1. d4 Nf6 2. Bf4 c5 3. d5 d6 4. Nc3 g6 5. e4 Bg7 6. Qd2 Qb6 7. a4 O-O 8. Bd3 e6 9. a5 Qd8 10. Bh6 exd5 11. Bxg7 Kxg7 12. exd5 Nbd7 13. Nge2 Ne5 14. O-O a6 15. Ng3 Re8 16. f4 Neg4 17. h3 Ne3 18. Rf3 Nexd5 19. Nxd5 Nxd5 20. Bxg6 hxg6 21. Qxd5 Qf6 22. f5 Re5 23. Qd3 Bxf5 24. Nxf5+ Rxf5 25. Raf1 Rxf3 26. Rxf3 Qe5 27. Qb3 Qe7 28. Qc3+ Kg8 29. Re3 Qg5 30. Qb3 d5 31. Rf3 Rb8 32. c3 Qe5 33. Qb6 d4 34. cxd4 Qxd4+ 35. Kh2 Qe5+ 36. Kg1 Qd4+ 37. Kh2 Rd8 38. Rf1 Rd7 39. Qb3 c4 40. Qb4 Qe5+ 41. Kh1 Qe2 42. Re1 Rd1 43. Rxd1 Qxd1+ 44. Kh2 Qd5 45. Qb6 Kf8 46. Qc7 Ke8 47. Kh1 Qe4 48. Kh2 Qd5 49. Kh1 Qb5 50. Qc8+ Ke7 51. Qc7+ Ke6 52. Qc8+ Kf6 53. Qd8+ Kf5 54. Qc8+ Ke4 55. Qg4+ Kd3 56. Qf3+ Kc2 57. Qc3+ Kb1 58. Kh2 Qxb2 59. Qxc4 Qe5+ 60. Kh1 Qe1+ 61. Kh2 Qxa5 62. Qxf7 Qe5+ 63. Kh1 Qe4 64. Qb3+ Kc1 65. Qa3+ Kd1 66. Qa1+ Kd2 67. Qb2+ Ke1 68. Qc1+ Ke2 69. Qb2+ Kd3 70. Qb3+ Kd4 71. Qb6+ Ke5 72. Qc5+ Ke6 73. Qc8+ Kf7 74. Qd7+ Qe7 75. Qd5+ Kg7 76. Qd4+ Kh7 77. Qb6 Qe1+ 78. Kh2 Qe5+ 79. Kh1 Qd5 80. Qc7+ Kh6 81. Qf4+ Kg7 82. Qc7+ Kf6 83. Qf4+ Kg7 84. Qc7+ Qf7 85. Qb6 Qf1+ 86. Kh2 Qb5 87. Qc7+ Kf6 88. Qd6+ Kf7 89. Qc7+ Ke6 90. Qc8+ Kd6 91. Qd8+ Qd7 92. Qf6+ Qe6 93. Qd4+ Kc6 94. Qa4+ Kc7 95. Qa5+ Kb8 96. Qd8+ Ka7 97. Qg5 Qd6+ 98. Kh1 Qb6 99. Qf4 a5 100. Qe4 Qc6 101. Qd4+ Ka6 102. Qd3+ b5 103. Kh2 a4 104. Qd2 Qc7+ 105. Kh1 Qc5 106. Qd8 a3 107. Qa8+ Kb6 108. Qb8+ Kc6 109. Qe8+ Kd5 110. Qxg6 Qc1+ 111. Kh2 Qf4+ 112. Kh1 b4 113. Qd3+ Kc5 114. Qc2+ Qc4 115. Qf5+ Kb6 116. Qf6+ Kb5 117. Qf5+ Ka4 118. Qd7+ Kb3 119. Qd1+ Kb2 120. Qd2+ Kb1 121. Kh2 Qc2 0-1

[Event "Faroes Open 2018"]
[Site "Sandavagur"]
[Date "2018.07.08"]
[Round "2"]
[White "Gregersen, Einar"]
[Black "Nielsen, Høgni Egilstoft"]
[Result "0-1"]
[ECO "C93"]
[WhiteElo "1665"]
[BlackElo "2397"]
[Annotator "NA"]
[PlyCount "116"]
[EventDate "2018.07.07"]
[EventType "swiss"]
[EventCountry "FAI"]
[SourceTitle "playchess.com"]
[Source "ChessBase"]
[SourceQuality "1"]
[TimeControl "40/5400+30:900+30"]

1. e4 e5 2. Nf3 Nc6 3. Bb5 a6 4. Ba4 Nf6 5. O-O Be7 6. Re1 b5 7. Bb3 O-O 8. c3 d6 9. h3 h6 10. d4 Re8 11. Nbd2 Bf8 12. Nf1 Bb7 13. Ng3 Na5 14. Bc2 g6 15. b3 Bg7 16. Bb2 Qe7 17. Qd2 Nc6 18. d5 Nb8 19. c4 bxc4 20. bxc4 Nbd7 21. Ba4 Rf8 22. Ba3 Nb6 23. Bb3 Nfd7 24. Rab1 a5 25. Rec1 Ba6 26. Qxa5 Bxc4 27. Qb4 Bd3 28. Rb2 Rfb8 29. Qd2 Rxa3 30. Qxd3 Na4 31. Rbb1 Nac5 32. Qc4 Nb6 33. Qb4 Rba8 34. Rc2 R3a7 35. Nd2 Rb7 36. Qc3 h5 37. Nc4 h4 38. Nf1 Nxe4 39. Qe1 Nc5 40. Na5 Rbb8 41. Nc6 Qf6 42. Nxb8 Rxb8 43. Nd2 Qf4 44. Qe3 Qxe3 45. fxe3 Bh6 46. Kf2 Kf8 47. Bc4 Ra8 48. Nb3 Nxc4 49. Rxc4 Rxa2+ 50. Kf1 Bxe3 51. Nxc5 Bxc5 52. Rxh4 Rf2+ 53. Ke1 Rxg2 54. Rb8+ Ke7 55. Rb7 Bb6 56. Rb4 Kf6 57. Rb8 Rh2 58. Rh8 Ba5 0-1

[Event "Faroes Open 2018"]
[Site "Sandavagur"]
[Date "2018.07.08"]
[Round "2"]
[White "Petersen, Gutti"]
[Black "Spiesberger, Gerhard"]
[Result "0-1"]
[ECO "B01"]
[WhiteElo "1596"]
[BlackElo "2043"]
[Annotator "NA"]
[PlyCount "92"]
[EventDate "2018.07.07"]
[EventType "swiss"]
[EventCountry "FAI"]
[SourceTitle "playchess.com"]
[Source "ChessBase"]
[SourceQuality "1"]
[TimeControl "40/5400+30:900+30"]

1. e4 d5 2. exd5 Qxd5 3. Nc3 Qe5+ 4. Qe2 Qxe2+ 5. Bxe2 Bf5 6. d3 Nc6 7. Be3 e5 8. a3 Bd6 9. Bf3 Nge7 10. Nge2 O-O 11. Ng3 Be6 12. Nge4 f5 13. Nc5 Bxc5 14. Bxc5 Rfd8 15. Bxe7 Nxe7 16. O-O Kf7 17. Rfe1 Kf6 18. b4 Bd5 19. Bxd5 Nxd5 20. Nxd5+ Rxd5 21. f3 Rad8 22. Kf2 Rd4 23. g3 e4 24. dxe4 fxe4 25. Re2 Rc4 26. fxe4 Ke5 27. Ke1 Rd6 28. Rd1 Rxe4 29. Rxd6 cxd6 30. Rxe4+ Kxe4 31. Ke2 Kd4 32. Kd2 b5 33. c3+ Kc4 34. Kc2 g5 35. h3 h5 36. Kd2 Kb3 37. Kd3 Kxa3 38. Ke4 Kb3 39. Kd4 g4 40. hxg4 hxg4 41. Kd3 Kb2 42. c4 bxc4+ 43. Kxc4 Ka3 44. Kb5 Kb3 45. Kc6 Kxb4 46. Kxd6 a5 0-1

[Event "Faroes Open 2018"]
[Site "Sandavagur"]
[Date "2018.07.08"]
[Round "2"]
[White "Fjallheim, Benjamin Reinert"]
[Black "Fjallheim, Leif Reinert"]
[Result "0-1"]
[ECO "B00"]
[WhiteElo "1375"]
[BlackElo "1886"]
[Annotator "NA"]
[PlyCount "38"]
[EventDate "2018.07.07"]
[EventType "swiss"]
[EventCountry "FAI"]
[SourceTitle "playchess.com"]
[Source "ChessBase"]
[SourceQuality "1"]
[TimeControl "40/5400+30:900+30"]

1. e4 d6 2. d4 Nf6 3. f3 g6 4. c4 Bg7 5. Bg5 c5 6. Nc3 cxd4 7. Qxd4 Nc6 8. Qd2 Be6 9. Rd1 Nd7 10. b3 a6 11. Nge2 Nc5 12. Bh6 Nd3+ 13. Qxd3 Bxh6 14. Nd4 Nb4 15. Qe2 Bg7 16. Nd5 Bxd5 17. exd5 Qa5 18. Kf2 Qc5 19. Ke3 Bxd4+ {[%emt 0:04:31] Kxd4} 0-1

[Event "Faroes Open 2018"]
[Site "Sandavagur"]
[Date "2018.07.09"]
[Round "3"]
[White "Vavulin, Maksim"]
[Black "Fruehauf, Norbert"]
[Result "1-0"]
[ECO "B07"]
[WhiteElo "2552"]
[BlackElo "1958"]
[Annotator "RC"]
[PlyCount "65"]
[EventDate "2018.07.07"]
[EventType "swiss"]
[EventCountry "FAI"]
[SourceTitle "playchess.com"]
[Source "ChessBase"]
[SourceQuality "1"]
[TimeControl "40/5400+30:900+30"]

1. e4 d6 2. d4 Nf6 3. Nc3 e5 4. Nf3 exd4 5. Nxd4 Be7 6. Bf4 O-O 7. Qd2 a6 8. Nb3 Be6 9. O-O-O Nc6 10. f3 b5 11. Kb1 Nd7 12. g4 Nde5 13. Qf2 Qb8 14. Nd5 Re8 15. h4 a5 16. g5 a4 17. Nc1 b4 18. Bd2 b3 19. cxb3 axb3 20. a3 Na5 21. Bc3 c5 22. f4 Nec4 23. h5 Bxd5 24. exd5 Bf8 25. Rh3 Ra7 26. g6 h6 27. gxf7+ Rxf7 28. Bd3 Rfe7 29. Qg1 Re3 30. Rxe3 Rxe3 31. Qg6 Rxd3 32. Qe6+ Kh7 33. Rxd3 1-0

[Event "Faroes Open 2018"]
[Site "Sandavagur"]
[Date "2018.07.09"]
[Round "3"]
[White "Kunin, Vitaly"]
[Black "Nielsen, Torkil"]
[Result "1-0"]
[ECO "C00"]
[WhiteElo "2538"]
[BlackElo "2115"]
[Annotator "ChessBase"]
[PlyCount "79"]
[EventDate "2018.07.07"]
[EventType "swiss"]
[EventCountry "FAI"]
[SourceTitle "playchess.com"]
[Source "ChessBase"]
[SourceQuality "1"]
[TimeControl "40/5400+30:900+30"]

1. d4 e6 2. e4 d5 3. Bd3 c5 4. exd5 exd5 5. dxc5 Bxc5 6. Nf3 Nf6 7. Qe2+ Qe7 8. Qxe7+ Bxe7 9. O-O O-O 10. Nc3 Nc6 11. Re1 Bg4 12. Ne5 Nxe5 13. Rxe5 Bd6 14. Re1 Bb4 15. Bd2 Rfe8 16. h3 Bd7 17. a3 Bxc3 18. Bxc3 Ne4 19. Bd4 a6 20. Rad1 Bc6 21. h4 h6 22. f3 Nd6 23. Kf2 Rxe1 24. Rxe1 Re8 25. Rd1 Nc4 26. g4 Ne5 27. Bf1 f6 28. h5 Rc8 29. Kg3 Kf7 30. b3 b5 31. f4 Nd7 32. Bf2 Bb7 33. c4 bxc4 34. bxc4 Nc5 35. Bg2 Ke7 36. cxd5 Kd6 37. Rb1 Ba8 38. Rb6+ Kd7 39. g5 Rc7 40. Bh3+ 1-0

[Event "Faroes Open 2018"]
[Site "Sandavagur"]
[Date "2018.07.09"]
[Round "3"]
[White "Miezis, Normunds"]
[Black "Rødgaard, John"]
[Result "0-1"]
[ECO "C01"]
[WhiteElo "2468"]
[BlackElo "2319"]
[Annotator "RC"]
[PlyCount "64"]
[EventDate "2018.07.07"]
[EventType "swiss"]
[EventCountry "FAI"]
[SourceTitle "playchess.com"]
[Source "ChessBase"]
[SourceQuality "1"]
[TimeControl "40/5400+30:900+30"]

1. e4 e6 2. d4 d5 3. exd5 exd5 4. Nf3 Nf6 5. Bd3 Bg4 6. O-O Be7 7. h3 Bh5 8. Re1 O-O 9. Nc3 Nbd7 10. g4 Bg6 11. Bxg6 fxg6 12. Ng5 Re8 13. Ne6 Qc8 14. Bf4 g5 15. Bg3 Bd8 16. Nb5 Nf8 17. Nexc7 Rxe1+ 18. Qxe1 a6 19. Qa5 Rb8 20. Nc3 b6 21. Qxa6 Bxc7 22. Qxc8 Rxc8 23. Re1 Bxg3 24. fxg3 Kf7 25. a4 Ne6 26. Rd1 Rc4 27. Nb5 Rxc2 28. b4 Ne4 29. a5 bxa5 30. bxa5 Ra2 31. Rf1+ Ke7 32. Na7 Nxd4 0-1